 Dungeon Crawl Stone Soup version 0.24-a0-447-ge8da9206dc (webtiles) character file.

Game seed: 16614642301054358969

459 Craser22 the Cleaver (level 6, -8/51 HPs)
             Began as a Minotaur Berserker on June 25, 2019.
             Was a Believer of Trog.
             Mangled by Sigmund
             ... wielding a +4 scythe of slicing
              (12 damage)
             ... on level 3 of the Dungeon.
             The game lasted 00:10:12 (3043 turns).

Craser22 the Cleaver (Minotaur Berserker)           Turns: 3043, Time: 00:10:13

Health: -8/51      AC:  9    Str: 22    XL:     6   Next: 78%
Magic:  5/5        EV:  8    Int:  4    God:    Trog [**....]
Gold:   86         SH:  0    Dex: 11    Spells: 5/5 levels left

rFire    . . .     SeeInvis .   a - +0 hand axe
rCold    . . .     Gourm    .   (no shield)
rNeg     . . .     Faith    .   j - +0 chain mail
rPois    .         Spirit   .   (helmet restricted)
rElec    .         Reflect  .   (no cloak)
rCorr    .         Harm     .   (no gloves)
MR       .....                  (no boots)
Stlth    ..........             (no amulet)
HPRegen  0.17/turn              (no ring)
MPRegen  0.09/turn              k - +1 ring of protection

@: berserk cooldown, slowed, very slow
A: retaliatory headbutt, horns 2
a: Berserk, Trog's Hand, Renounce Religion


You were on level 3 of the Dungeon.
You worshipped Trog.
Trog was pleased with you.
You were hungry.

You visited 1 branch of the dungeon, and saw 5 of its levels.

You collected 86 gold pieces.


Innate Abilities, Weirdness & Mutations

You reflexively headbutt those who attack you in melee.
You have a pair of horns on your head.


   Skills:
 - Level 3.6 Fighting
 + Level 9.3 Axes
 - Level 2.4 Armour
 - Level 2.1 Dodging


You had 5 spell levels left.
You didn't know any spells.
Your spell library was empty.

Inventory:

Hand Weapons
 a - a +0 hand axe (weapon)
 v - a +0 mace of protection
Missiles
 h - 77 stones (quivered)
 l - 4 boomerangs
 m - 4 silver boomerangs
Armour
 j - a +0 chain mail (worn)
 s - +0 ice dragon scales
Jewellery
 k - a +1 ring of protection (right hand)
 p - a cursed ring of teleportation {unknown}
Wands
 w - a wand of enslavement (9)
Scrolls
 b - 6 scrolls of remove curse
 e - a scroll of random uselessness {unknown}
 f - 3 scrolls of identify {@r1}
 g - a scroll of noise {!r}
 n - 3 scrolls of blinking
 t - a scroll of fog {unknown}
 u - a scroll of teleportation {unknown}
Potions
 d - a potion of haste {unknown}
 i - 3 potions of heal wounds {unknown}
 o - 2 potions of magic
 q - a potion of mutation {unknown}
 r - 4 potions of curing {unknown}
Comestibles
 c - 11 rations

Dungeon Overview and Level Annotations

Branches:
Dungeon (5/15)             Temple (0/1) D:4

Altars:
Hepliaklqana
Xom

Shops:
D:4 (:%

Annotations:
D:3 Sigmund

▒......... ▒........▒
▒........+ ▒..<.....▒
▒........▒ ▒▒▒▒........▒
............▒
▒▒▒▒........▒▒▒▒▒▒▒▒▒▒▒.
.....▒(.........H{......
▒▒▒▒▒▒▒▒.▒▒▒▒▒▒▒▒▒▒▒▒▒▒▒▒
.........▒ ▒.........▒
.....▒▒▒▒▒ ▒▒▒.▒▒▒▒▒▒▒.▒
.....▒▒▒▒▒▒▒▒.▒[▒ ▒.▒
..............▒.▒ ▒.▒
.....▒▒▒▒▒▒▒▒.▒.▒ ▒.▒
▒▒▒▒▒▒▒▒▒▒▒▒▒.▒.▒▒▒▒▒▒▒.▒
....................>▒▒.▒


There were no monsters in sight!


Message History

Deactivating autopickup; reactivate with Ctrl-A.
You closely miss something. You headbutt something.
Something hits you but does no damage.
You closely miss something. Something hits you!
You barely miss something.
You hear some strange, mumbled words.
A magic dart appears from out of thin air!
The magic dart hits you but does no damage.
You miss something. You headbutt something. Something hits you!
You miss something. Something hits you.
* * * LOW HITPOINT WARNING * * *
* * * LOW HITPOINT WARNING * * *
You closely miss something. Something hits you.
* * * LOW HITPOINT WARNING * * *
* * * LOW HITPOINT WARNING * * *
You closely miss something. You headbutt something! Something hits you!
* * * LOW HITPOINT WARNING * * *
* * * LOW HITPOINT WARNING * * *
You closely miss something.
Your chain mail prevents you from hitting something.
Something hits you!
You die...

Action                   |  1- 3 |  4- 6 || total
-------------------------+-------+-------++-------
Melee: Hand axe          |    79 |   100 ||   179
       Headbutt          |     8 |    21 ||    29
Invok: Berserk           |       |     1 ||     1
  Use: Scroll            |       |     5 ||     5
  Eat: Chunk             |     1 |     6 ||     7
Armor: Chain mail        |    49 |    35 ||    84
Dodge: Dodged            |    40 |    30 ||    70

Levels and vault maps discovered:
D:1:      minmay_arrival_four_loops, layout_basic
D:2:      layout_basic, first_ration
D:3:      layout_basic, interstate_on_off, uniq_sigmund
D:4:      layout_loops_ring, regret_index_temple_of_mockery, temple_hall,
          serial_shops, shop, kennysheep_little_box, shop
D:5:      layout_basic, nicolae_dithmenos_the_darkroom, serial_park_tiny_pond

Notes
Turn   | Place    | Note
-------+----------+-------------------------------------------
     0 | D:1      | Craser22 the Minotaur Berserker began the quest for the
                  | Orb.
     0 | D:1      | Reached XP level 1. HP: 19/19 MP: 0/0
   146 | D:1      | Reached skill level 4 in Axes
   376 | D:1      | Reached XP level 2. HP: 26/26 MP: 1/1
   929 | D:2      | Reached skill level 5 in Axes
  1015 | D:2      | Reached XP level 3. HP: 30/31 MP: 2/2
  1210 | D:4      | Noticed an ogre
  1214 | D:4      | Killed an ogre
  1214 | D:4      | Reached ** piety under Trog
  1214 | D:4      | Reached skill level 6 in Axes
  1214 | D:4      | Reached XP level 4. HP: 39/39 MP: 3/3
  1227 | D:4      | Reached skill level 7 in Axes
  1227 | D:4      | Reached XP level 5. HP: 45/45 MP: 4/4
  1445 | D:4      | Found a shimmering altar of Xom.
  1446 | D:4      | Found a hazy altar of Hepliaklqana.
  1446 | D:4      | Noticed a yak
  1447 | D:4      | Noticed a spectral ugly thing
  1447 | D:4      | Noticed a yak
  1475 | D:4      | Reached skill level 8 in Axes
  1600 | D:4      | Found Dysuex Elet's Weapon Emporium.
  1644 | D:4      | Found Ethronent's Book Shoppe.
  1694 | D:4      | Reached XP level 6. HP: 40/51 MP: 5/5
  1941 | D:4      | Found a staircase to the Ecumenical Temple.
  2086 | D:4      | Reached skill level 9 in Axes
  2231 | D:4      | Found Omautunk's Food Shop.
  2347 | D:5      | Entered Level 5 of the Dungeon
  3025 | D:3      | Noticed Sigmund
  3041 | D:3      | HP: 3/51 [something (3)]
  3043 | D:3      | Mangled by Sigmund

Vanquished Creatures
  An ogre (D:4)
  A bullfrog (D:4)
  A scorpion (D:4)
  A crimson imp (D:4)
  3 orc wizards (D:4)
  An iguana (D:4)
  6 adders
  An ooze (D:4)
  An adder skeleton (D:4)
  2 dart slugs
  4 leopard geckos
  6 orcs
  9 bats
  3 giant cockroaches
  5 hobgoblins
  A quokka (D:3)
  A frilled lizard (D:4)
  4 goblins
  6 rats
57 creatures vanquished.
